 Dungeon Crawl Stone Soup version 0.29.0-3-gbb0933ed62 (webtiles) character file.

Game seed: 9140704068116715904

9322 Renzlar the Blocker (level 11, 89/89 HPs)
             Began as a Gnoll Fighter on Aug 26, 2022.
             Was a High Priest of Okawaru.
             Quit the game on level 10 of the Dungeon.
             The game lasted 00:35:38 (10879 turns).

Renzlar the Blocker (Gnoll Fighter)                Turns: 10879, Time: 00:35:39

Health: 89/89      AC: 15    Str: 19    XL:     11   Next: 44%
Magic:  20/20      EV:  8    Int:  9    God:    Okawaru [*****.]
Gold:   377        SH: 10    Dex: 11    Spells: 23/23 levels left

rFire   . . .      SeeInvis .   x - +2 whip (elec)
rCold   . . .      Faith    .   o - +0 kite shield
rNeg    . . .      Spirit   +   f - +0 chain mail
rPois   .          Reflect  .   (no helmet)
rElec   .          Harm     .   t - +0 cloak
rCorr   +          Rampage  .   (no gloves)
Will    .....                   l - +1 pair of boots
Stlth   ..........              e - amulet of guardian spirit
HPRegen 0.24/turn               v - ring of resist corrosion
MPRegen 0.17/turn               (no ring)

@: no status effects
A: fangs 1, strong nose, distributed training
a: Renounce Religion, Heroism, Finesse, Duel


You were on level 10 of the Dungeon.
You worshipped Okawaru.
Okawaru was extremely pleased with you.
You visited 2 branches of the dungeon, and saw 11 of its levels.

You collected 440 gold pieces.
You spent 63 gold pieces at shops.

Inventory:

Hand Weapons
 a - a +1 spectral war axe
 c - a +0 sling
 p - a +2 morningstar of holy wrath
 w - the +8 mace "Kulatax" {drain, rElec rF+ Str+2}
   (You found it on level 8 of the Dungeon)

   A truly terrible weapon, it drains the life of any living foe it strikes.
   Str:       It affects your strength (+2).
   rF:        It protects you from fire.
   rElec:     It insulates you from electricity.
 x - a +2 whip of electrocution (weapon)
Missiles
 g - 25 poisoned darts
Armour
 b - a +1 scale mail
 f - a +0 chain mail (worn)
 l - a +1 pair of boots (worn)
 o - a +0 kite shield (worn)
 t - a +0 cloak (worn)
Jewellery
 e - an amulet of guardian spirit (around neck)
 q - a +6 ring of intelligence
 v - a ring of resist corrosion (left hand)
 D - a ring of ice
Wands
 y - a wand of roots (8)
 A - a wand of flame (21)
Scrolls
 j - 2 scrolls of amnesia
 r - a scroll of brand weapon
 u - 2 scrolls of teleportation
 C - a scroll of blinking
Potions
 d - a potion of might
 h - a potion of cancellation
 i - 2 potions of resistance
 k - 3 potions of curing
 m - a potion of invisibility
 n - a potion of haste
 s - a potion of berserk rage
 z - a potion of heal wounds {unknown}
 B - a potion of mutation {unknown}


   Skills:
 + Level 9.3 Fighting
 + Level 6.5 Short Blades
 + Level 6.5 Long Blades
 + Level 8.1 Axes
 + Level 6.5 Maces & Flails
 + Level 6.5 Polearms
 + Level 6.5 Staves
 + Level 6.5 Ranged Weapons
 + Level 6.5 Throwing
 + Level 9.3 Armour
 + Level 6.5 Dodging
 + Level 6.5 Stealth
 + Level 9.3 Shields
 + Level 6.5 Unarmed Combat
 + Level 6.5 Spellcasting
 + Level 5.4 Conjurations
 + Level 5.4 Hexes
 + Level 5.4 Summonings
 + Level 5.4 Necromancy
 + Level 5.4 Translocations
 + Level 5.4 Transmutations
 + Level 5.4 Fire Magic
 + Level 5.4 Ice Magic
 + Level 5.4 Air Magic
 + Level 5.4 Earth Magic
 + Level 5.4 Poison Magic
 + Level 7.2 Invocations
 + Level 6.5 Evocations


You had 23 spell levels left.
You didn't know any spells.
Your spell library contained the following spells:

 Spells                   Type           Power      Damage    Failure   Level
 Blink                    Tloc           24%        N/A       54%         2
 Static Discharge         Conj/Air       24%        3-5/arc   54%         2
 Confusing Touch          Hex            12%        N/A       78%         3
 Gell's Gravitas          Tloc           12%        N/A       78%         3
 Lesser Beckoning         Tloc           12%        N/A       78%         3
 Teleport Other           Tloc           12%        N/A       78%         3
 Airstrike                Air            6%         2d(1-17)  99%         4
 Dispel Undead            Necr           12%        3d9       99%         4
 Sticky Flame             Conj/Fire      12%        2d4       99%         4
 Lightning Bolt           Conj/Air       6%         1d18      100%        5
 Manifold Assault         Tloc           12%        N/A       100%        5
 Yara's Violent Unravell  Hex/Tmut       6%         3d5       100%        5
 Enfeeble                 Hex            6%         N/A       100%        7
 Storm Form               Tmut/Air       6%         N/A       100%        7
 Maxwell's Capacitive Co  Air            6%         ∞         100%        8
 Summon Lightning Spire   Summ/Air       Unusable   N/A       N/A         4

Dungeon Overview and Level Annotations

Branches:
Dungeon (10/15)            Temple (1/1) D:5            Lair (0/5) D:8
    Orc (0/2) D:10

Altars:
Ashenzari
Cheibriados
Dithmenos
Elyvilon
Fedhas
Gozag
Hepliaklqana
Kikubaaqudgha
Makhleb
Nemelex Xobeh
Okawaru
Qazlal
Ru
Sif Muna
Trog
Uskayaw
Vehumet
Wu Jian
Xom
Yredelemnul
Zin
The Shining One

Shops:
D:1 ?   D:5 :   D:6 [

Annotations:
D:3 2 transporters, gelatine's ghost, weakling DsGl
D:7 2 transporters
D:10 3 runed translucent doors, Gurantaxtaxq's ghost, journeyman DECj; HorDDes's ghost, novice MeEE; gdog's ghost, novice GnDe


Innate Abilities, Weirdness & Mutations

You have very sharp teeth.
Your uncanny sense of smell can sniff out nearby items.
Your experience applies equally to all skills.


Message History

The vampire mosquito barely misses you.
The vampire mosquito bites you but does no damage.
You hit the vampire mosquito but do no damage.
You block the vampire mosquito's attack.
The vampire mosquito closely misses you.
You closely miss the vampire mosquito. You bite the vampire mosquito.
The vampire mosquito is lightly damaged.
The vampire mosquito bites you but does no damage. x2
You closely miss the vampire mosquito.
The vampire mosquito is lightly damaged.
The vampire mosquito bites you but does no damage.
You block the vampire mosquito's attack.
You thump the vampire mosquito!
The vampire mosquito convulses!!
You destroy the vampire mosquito!
Okawaru accepts your kill.
Your +2 morningstar of holy wrath stops glowing.
c - a +0 sling (weapon)
You feel like a meek peon again.
You open the door.
There is an open door here.
Found a ring mail.
As you open the door, it creaks loudly!
Found a ring mail.
There is an open door here.
There is an open door here.
You open the door.
Gdog's ghost turns its malevolent gaze towards you.
Gurantaxtaxq's ghost turns its malevolent gaze towards you.
There is an open door here.
You see here a +0 morningstar.
You see here a +0 morningstar.
Could not explore, unopened runed door.
There is an open door here.
You feel stronger.
You sense an unholy aura.
w - the +8 mace "Kulatax" (weapon)
{drain, rElec rF+ Str+2} Gurantaxtaxq's ghost says, "What do you have that I didn't have?"
You hear the crackle of electricity.
x - a +2 whip of electrocution (weapon)
Are you sure you want to abandon this character and quit the game? (Confirm with "yes".)

.....#..................#........
.....######.............'........
##..##).⌠.##'############........
##.##8....#....##########........
)..#(.....#..#.#........#........
...#[.....+..#.#........#........
...#8.....+....#.<......########.
...#.....W+....#........'......#.
####.....W#....'@.......#......#.
...##8...W#....#........##....)#.
######}.⌠.#....#........##.....'.
#.######....#...............#.
#...........#.............).#.
#...........#.......).......#.
#...........#........##.....#.
####.###########........##.....#.
...).#........##........##)....#.


You could see Gurantaxtaxq's ghost, HorDDes's ghost and gdog's ghost.

Vanquished Creatures
  A two-headed ogre (D:9)
  A centaur warrior (D:9)
  The ghost of Dillybarz the Cleaver, a novice MiBe of Trog (D:7)
  A gargoyle (D:10)
  Psyche (D:10)
  Grinder (D:5)
  A shadow (D:8)
  A wyvern (D:10)
  10 yaks
  2 steam dragons
  4 vampire mosquitoes (D:10)
  3 acid dragons
  Duvessa (D:5)
  An ice beast (D:8)
  A sky beast (D:5)
  An orc warrior (D:10)
  4 black bears
  2 ogres
  5 centaurs
  A kobold brigand (D:8)
  4 bullfrogs
  A necrophage (D:6)
  3 scorpions
  3 wights (D:8)
  Dowan (D:5)
  28 killer bees
  2 howler monkeys
  2 hounds (D:5)
  2 jellies
  5 orc priests
  4 iguanas
  6 orc wizards
  6 adders
  3 white imps (D:7)
  An ufetubus (D:5)
  A worm (D:2)
  2 dart slugs
  20 orcs
  4 ball pythons
  6 endoplasms
  2 giant cockroaches
  7 goblins
  5 hobgoblins
  2 jackals (D:2)
  11 kobolds
  4 quokkas
  9 bats
  4 frilled lizards
  4 rats (D:3)
195 creatures vanquished.

Vanquished Creatures (others)
  4 withered plants (D:10)
4 creatures vanquished.

Grand Total: 199 creatures vanquished

Notes
Turn   | Place    | Note
-------+----------+-------------------------------------------
     0 | D:1      | Renzlar the Gnoll Fighter began the quest for the Orb.
     0 | D:1      | Reached XP level 1. HP: 23/23 MP: 1/1
   162 | D:1      | Reached XP level 2. HP: 29/29 MP: 2/2
   432 | D:1      | Found Tyokenyh's Magic Scroll Emporium.
   752 | D:2      | Reached XP level 3. HP: 28/35 MP: 1/3
  1247 | D:2      | Reached skill level 1 in Invocations
  1629 | D:3      | Reached skill level 1 in Short Blades
  1629 | D:3      | Reached skill level 1 in Long Blades
  1629 | D:3      | Reached skill level 1 in Maces & Flails
  1629 | D:3      | Reached skill level 1 in Polearms
  1629 | D:3      | Reached skill level 1 in Staves
  1629 | D:3      | Reached skill level 1 in Ranged Weapons
  1629 | D:3      | Reached skill level 1 in Throwing
  1629 | D:3      | Reached skill level 1 in Dodging
  1629 | D:3      | Reached skill level 1 in Stealth
  1629 | D:3      | Reached skill level 1 in Unarmed Combat
  1629 | D:3      | Reached skill level 1 in Spellcasting
  1629 | D:3      | Reached skill level 1 in Evocations
  1790 | D:3      | Reached XP level 4. HP: 41/41 MP: 5/5
  1798 | D:3      | Found a transporter.
  1798 | D:3      | Noticed gelatine's ghost (weakling DsGl)
  1967 | D:3      | Found a transporter.
  2187 | D:3      | Reached skill level 1 in Conjurations
  2187 | D:3      | Reached skill level 1 in Hexes
  2187 | D:3      | Reached skill level 1 in Summonings
  2187 | D:3      | Reached skill level 1 in Necromancy
  2187 | D:3      | Reached skill level 1 in Translocations
  2187 | D:3      | Reached skill level 1 in Transmutations
  2187 | D:3      | Reached skill level 1 in Fire Magic
  2187 | D:3      | Reached skill level 1 in Ice Magic
  2187 | D:3      | Reached skill level 1 in Air Magic
  2187 | D:3      | Reached skill level 1 in Earth Magic
  2187 | D:3      | Reached skill level 1 in Poison Magic
  2663 | D:4      | Reached XP level 5. HP: 43/47 MP: 3/7
  2704 | D:4      | Noticed a black bear
  2709 | D:4      | Killed a black bear
  2803 | D:4      | Reached XP level 6. HP: 52/53 MP: 8/8
  2826 | D:4      | Reached skill level 5 in Axes
  3081 | D:4      | Found a glowing golden altar of the Shining One.
  3221 | D:5      | Entered Level 5 of the Dungeon
  3222 | D:5      | Noticed Duvessa
  3230 | D:5      | Noticed Dowan
  3232 | D:5      | Killed Duvessa
  3235 | D:5      | Killed Dowan
  3236 | D:5      | Reached XP level 7. HP: 60/60 MP: 10/10
  3412 | D:5      | Found a staircase to the Ecumenical Temple.
  3423 | Temple   | Entered the Ecumenical Temple
  3431 | Temple   | Became a worshipper of Warmaster Okawaru
  3570 | D:5      | Noticed Grinder
  3579 | D:5      | Killed Grinder
  3579 | D:5      | Reached * piety under Okawaru
  3580 | D:5      | Reached XP level 8. HP: 66/67 MP: 10/12
  3604 | D:5      | Found Rogruqao's Vocational Training.
  3780 | D:5      | Found a glowing silver altar of Zin.
  3782 | D:5      | Found a bloodstained altar of Trog.
  3782 | D:5      | Found a white marble altar of Elyvilon.
  3783 | D:5      | Found an ancient bone altar of Kikubaaqudgha.
  3941 | D:6      | Reached ** piety under Okawaru
  4115 | D:6      | Found Macesm Jinoi's Armour Shop.
  4132 | D:6      | Bought a +0 kite shield for 63 gold pieces
  4279 | D:6      | Found a radiant altar of Vehumet.
  4405 | D:6      | Reached *** piety under Okawaru
  4406 | D:6      | Reached XP level 9. HP: 25/73 MP: 5/14
  4674 | D:6      | Found a sacrificial altar of Ru.
  4942 | D:7      | Received a gift from Okawaru
  5185 | D:7      | Found a transporter.
  5213 | D:7      | Reached skill level 5 in Invocations
  5220 | D:7      | Found a transporter.
  5513 | D:7      | Found a hide-covered altar of Uskayaw.
  5586 | D:7      | Found a runed translucent door.
  5588 | D:7      | Noticed Dillybarz's ghost (novice MiBe)
  5612 | D:7      | Killed Dillybarz's ghost
  5995 | D:8      | Reached skill level 5 in Short Blades
  5995 | D:8      | Reached skill level 5 in Long Blades
  5995 | D:8      | Reached skill level 5 in Maces & Flails
  5995 | D:8      | Reached skill level 5 in Polearms
  5995 | D:8      | Reached skill level 5 in Staves
  5995 | D:8      | Reached skill level 5 in Ranged Weapons
  5995 | D:8      | Reached skill level 5 in Throwing
  5995 | D:8      | Reached skill level 5 in Dodging
  5995 | D:8      | Reached skill level 5 in Stealth
  5995 | D:8      | Reached skill level 5 in Unarmed Combat
  5995 | D:8      | Reached skill level 5 in Spellcasting
  5995 | D:8      | Reached skill level 5 in Evocations
  5995 | D:8      | Reached XP level 10. HP: 64/81 MP: 14/17
  6077 | D:8      | Reached **** piety under Okawaru
  6426 | D:8      | Received a gift from Okawaru
  6733 | D:8      | Found a staircase to the Lair.
  7396 | D:8      | Found an ornate altar of the Wu Jian Council.
  7625 | D:8      | Identified the +8 mace "Kulatax" {drain, rElec rF+ Str+2}
  7921 | D:9      | Noticed a centaur warrior
  7933 | D:9      | Killed a centaur warrior
  8445 | D:9      | Noticed a two-headed ogre
  8460 | D:9      | Killed a two-headed ogre
  8488 | D:9      | Reached ***** piety under Okawaru
  9126 | D:10     | Entered Level 10 of the Dungeon
  9129 | D:10     | Found a runed translucent gate.
  9129 | D:10     | Found a runed translucent gate.
  9129 | D:10     | Found a runed translucent gate.
  9132 | D:10     | Noticed Gurantaxtaxq's ghost (journeyman DECj)
  9132 | D:10     | Noticed HorDDes's ghost (novice MeEE)
  9132 | D:10     | Noticed gdog's ghost (novice GnDe)
  9150 | D:10     | Noticed a gargoyle
  9160 | D:10     | Killed a gargoyle
  9161 | D:10     | Reached skill level 5 in Conjurations
  9161 | D:10     | Reached skill level 5 in Hexes
  9161 | D:10     | Reached skill level 5 in Summonings
  9161 | D:10     | Reached skill level 5 in Necromancy
  9161 | D:10     | Reached skill level 5 in Translocations
  9161 | D:10     | Reached skill level 5 in Transmutations
  9161 | D:10     | Reached skill level 5 in Fire Magic
  9161 | D:10     | Reached skill level 5 in Ice Magic
  9161 | D:10     | Reached skill level 5 in Air Magic
  9161 | D:10     | Reached skill level 5 in Earth Magic
  9161 | D:10     | Reached skill level 5 in Poison Magic
  9161 | D:10     | Reached XP level 11. HP: 48/89 MP: 11/20
  9679 | D:10     | Found a blossoming altar of Fedhas.
  9824 | D:10     | Found a staircase to the Orcish Mines.
 10082 | D:10     | Noticed Psyche
 10094 | D:10     | Killed Psyche
 10421 | D:10     | Received a gift from Okawaru
 10879 | D:10     | Quit the game

Illustrated notes

Levels and vault maps discovered:
D:1:      amcnicky_arrival_abandoned_market, layout_basic, serial_shops, shop,
          chequers_jeans
D:2:      layout_loops_cross
D:3:      layout_basic, gammafunk_ghost_mausoleum, minmay_crystal_water
D:4:      layout_rooms, tso_altar, minmay_misc_feat_roman
D:5:      layout_rooms, chequers_temple_overflow_statue_of_worship,
          minmay_temple_entry_offerings, nicolae_shop_vocational, uniq_duvessa,
          uniq_grinder
D:6:      layout_rooms, nicolae_overflow_hidden_temple,
          mainiacjoe_overflow_alcove_2, serial_shops, nicolae_shop_crystal
D:7:      gammafunk_steamed_eel, layout_cave_pools, general_overflow_altar,
          ebering_ghost_reflecting_pool
D:8:      layout_layer_cave, nicolae_wu_jian_glorious_leap, lair_entry_dummy,
          serial_glass, glass_columns_b, glass_columns_b
D:9:      layout_basic
D:10:     layout_stronghold, lemuel_coloured_pillars_altar,
          gammafunk_ghost_cemetery, hangedman_glass_teeth, uniq_psyche
Temple:   nicolae_temple_no_exploring_needed

Skill      XL: |  1  2  3  4  5  6  7  8  9 10 11 |
---------------+----------------------------------+-----
Invocations    | 1 2 3 4 5 6 7 |  7.2
Short Blades   | 1 2 3 5 6 |  6.5
Long Blades    | 1 2 3 5 6 |  6.5
Maces & Flails | 1 2 3 5 6 |  6.5
Polearms       | 1 2 3 5 6 |  6.5
Staves         | 1 2 3 5 6 |  6.5
Ranged Weapons | 1 2 3 5 6 |  6.5
Throwing       | 1 2 3 5 6 |  6.5
Dodging        | 1 2 3 5 6 |  6.5
Stealth        | 1 2 3 5 6 |  6.5
Unarmed Combat | 1 2 3 5 6 |  6.5
Spellcasting   | 1 2 3 5 6 |  6.5
Evocations     | 1 2 3 5 6 |  6.5
Conjurations   | 1 2 3 4 5 |  5.4
Hexes          | 1 2 3 4 5 |  5.4
Summonings     | 1 2 3 4 5 |  5.4
Necromancy     | 1 2 3 4 5 |  5.4
Translocations | 1 2 3 4 5 |  5.4
Transmutations | 1 2 3 4 5 |  5.4
Fire Magic     | 1 2 3 4 5 |  5.4
Ice Magic      | 1 2 3 4 5 |  5.4
Air Magic      | 1 2 3 4 5 |  5.4
Earth Magic    | 1 2 3 4 5 |  5.4
Poison Magic   | 1 2 3 4 5 |  5.4
Axes           | 5 6 7 8 |  8.1
Fighting       | 7 8 9 |  9.3
Armour         | 7 8 9 |  9.3
Shields        | 7 8 9 |  9.3

Action                   |  1- 3 |  4- 6 |  7- 9 | 10-12 || total
-------------------------+-------+-------+-------+-------++-------
Melee: War axe           |    51 |    31 |   104 |    97 ||   283
       Bite              |     3 |     2 |    14 |    15 ||    34
       Morningstar       |       |       |    19 |    50 ||    69
       Mace              |       |       |       |    65 ||    65
       Unarmed           |       |       |       |    18 ||    18
 Fire: Sling             |    75 |    70 |    69 |    55 ||   269
Invok: Heroism           |       |       |     1 |     3 ||     4
  Use: Scroll            |     7 |     3 |     8 |     7 ||    25
 Stab: Distracted        |       |       |     2 |     1 ||     3
       Invisible         |       |       |       |     1 ||     1
Armor: Chain mail        |    84 |    34 |    98 |   147 ||   363
       Skin              |       |       |       |     1 ||     1
Dodge: Dodged            |    41 |    17 |    54 |   111 ||   223
Block: Buckler           |    36 |    10 |    16 |       ||    62
       Kite shield       |       |       |    40 |   158 ||   198
